 Dungeon Crawl Stone Soup version 0.30-a0-4-ga7cffc901d (webtiles) character file.

Game seed: 3649887771110185818

8932 quinnr the Stormcaller (level 11, -2/63 HPs)
             Began as a Tengu Air Elementalist on Aug 21, 2022.
             Was a Priest of Vehumet.
             Slain by an Executioner (3 damage)
             ... on level 1 of the Abyss.
             The game lasted 00:31:40 (15922 turns).

quinnr the Stormcaller (Tengu Air Elementalist)    Turns: 15922, Time: 00:31:41

Health: -2/63      AC:  4    Str:  8 (9)  XL:     11   Next: 38%
Magic:  6/27       EV: 16    Int: 18 (20) God:    Vehumet [***...]
Gold:   670        SH:  5    Dex: 15 (16) Spells: 9/18 levels left

rFire   . . .      SeeInvis .    p - +12 dagger "Xutad" {vorpal, MP+9 Str+4 Dex+2}
rCold   . . .      Faith    .    (no shield)
rNeg    . . .      Spirit   .    O - +0 troll leather armour
rPois   .          Reflect  +    (helmet restricted)
rElec   .          Harm     .    (no cloak)
rCorr   .          Rampage  .    (no gloves)
Will    .....                    (boots unavailable)
Stlth   ++++......               q - amulet of reflection
HPRegen 1.00/turn                (no ring)
MPRegen 0.20/turn                (no ring)

@: flying quickly and evasively, unable to drink, quick
A: beak, talons 3, nimble flight, [deterioration 2], [weak 2], [inability to
drink after injury 2]
a: Renounce Religion


You were on level 1 of the Abyss.
You worshipped Vehumet.
Vehumet was most pleased with you.
You visited 2 branches of the dungeon, and saw 14 of its levels.
You visited the Abyss 1 time.

You collected 670 gold pieces.

Inventory:

Hand Weapons
 f - a +1 dagger of freezing
 k - a +1 dagger of holy wrath
 p - the +12 dagger "Xutad" (weapon) {vorpal, MP+9 Str+4 Dex+2}
   (You found it on level 3 of the Dungeon)

   It inflicts extra damage upon your enemies.
   Str:       It affects your strength (+4).
   Dex:       It affects your dexterity (+2).
   MP:        It affects your magic capacity (+9).
 I - the +10 long sword of the Festooned God {vorpal, rPois}
   (You found it on level 7 of the Dungeon)

   It inflicts extra damage upon your enemies.
   rPois:     It protects you from poison.
Missiles
 l - 127 stones
 y - 2 curare-tipped darts
 C - 3 throwing nets
Armour
 a - a +0 robe
 O - a +0 troll leather armour (worn)
Magical Staves
 s - a staff of earth
 B - a staff of poison
Jewellery
 q - an amulet of reflection (around neck)
 r - an amulet of faith
Wands
 v - a wand of digging (6)
 w - a wand of flame (28)
 J - a wand of charming (5)
 L - a wand of polymorph (8)
 M - a wand of light (4)
Scrolls
 c - 2 scrolls of amnesia {unknown}
 e - 4 scrolls of enchant weapon
 j - 2 scrolls of silence {unknown}
 m - a scroll of enchant armour {unknown}
 u - a scroll of blinking {unknown}
 E - 2 scrolls of magic mapping {unknown}
 F - a scroll of summoning {unknown}
 N - a scroll of immolation
Potions
 b - a potion of degeneration
 d - 2 potions of mutation
 g - 6 potions of lignification
 i - 2 potions of cancellation
 n - 4 potions of curing
 o - 2 potions of heal wounds
 t - a potion of might
 x - 3 potions of brilliance
 z - a potion of flight
 A - a potion of attraction
 D - a potion of magic
 G - a potion of invisibility
 H - a potion of haste


   Skills:
 - Level 5.0 Fighting
 - Level 4.0 Short Blades
 + Level 2.3 Armour
 - Level 5.0 Dodging
 - Level 9.0 Stealth
 - Level 4.0 Spellcasting
 - Level 2.0 Conjurations
 - Level 15.0 Air Magic
 + Level 4.3 Poison Magic
 + Level 3.3 Evocations


You had 9 spell levels left.
You knew the following spells:

 Your Spells              Type           Power      Damage    Failure   Level
a - Shock                 Conj/Air       100%       1d9       1%          1
b - Static Discharge      Conj/Air       34%        3-8/arc   1%          2
c - Airstrike             Air            27%        2d(4-20)  1%          4
d - Poisonous Vapours     Pois/Air       76%        N/A       1%          2

Your spell library contained the following spells:

 Spells                   Type           Power      Damage    Failure   Level
 Scorch                   Fire           6%         2d5       9%          2
 Swiftness                Air            55%        N/A       1%          3
 Dazzling Flash           Conj/Hex       14%        N/A       11%         3
 Silence                  Hex/Air        15%        N/A       26%         5
 Sublimation of Blood     Necr           3%         N/A       30%         2
 Hailstorm                Conj/Ice       7%         3d4       32%         4
 Summon Guardian Golem    Hex/Summ       3%         N/A       52%         3
 Irradiate                Conj/Tmut      3%         3d12      65%         5
 Anguish                  Hex/Necr       1%         N/A       90%         4
 Ice Form                 Ice/Tmut       3%         N/A       90%         4
 Petrify                  Tmut/Erth      3%         N/A       90%         4
 Eringya's Noxious Bog    Tmut/Pois      5%         N/A       95%         6
 Agony                    Necr           3%         N/A       99%         5
 Summon Forest            Summ/Tloc      1%         N/A       99%         5
 Simulacrum               Ice/Necr       1%         N/A       100%        6
 Enfeeble                 Hex            1%         N/A       100%        7
 Orb of Destruction       Conj           5%         9d5       100%        7
 Spellforged Servitor     Conj/Summ      3%         N/A       100%        7
 Summon Hydra             Summ           1%         N/A       100%        7


Dungeon Overview and Level Annotations

Branches:
Dungeon (13/15)            Temple (1/1) D:5             Orc (0/2) D:12
   Lair: D:8-11      Vaults: D:13-14

Altars:
Ashenzari
Cheibriados
Dithmenos
Elyvilon
Fedhas
Gozag
Hepliaklqana
Kikubaaqudgha
Makhleb
Nemelex Xobeh
Okawaru
Qazlal
Ru
Sif Muna
Uskayaw
Vehumet
Xom
Yredelemnul
Zin
The Shining One

Shops:
D:2 :

Annotations:
D:9 Erolcha
D:10 Harold
D:12 exclusions: cyclops and two-headed ogre


Innate Abilities, Weirdness & Mutations

You have a beak for a mouth.
You have claws for feet.
Your magical nature lets you fly swiftly and evasively.
[Your body often deteriorates upon taking damage.]
[You are very weak. (Str -4)]
[You sometimes lose the ability to drink potions when taking damage.]


Message History

The Executioner hits you.
The Executioner hits you but does no damage.
The Executioner hits you.
As you read the scroll of fear, it crumbles to dust.
You assume a fearsome visage.
The Executioner resists with almost no effort.
The pearl dragon looks frightened!
The Executioner completely misses you. The Executioner hits you.
The Executioner hits you but does no damage.
The Executioner hits you!
You feel threatened and lose the ability to drink potions!
Your body deteriorates!
You feel clumsy. The Executioner hits you. The Executioner hits you!
* * * LOW HITPOINT WARNING * * *
The Executioner misses you. The Executioner barely misses you.
The Executioner hits you but does no damage.
Unknown command.
You cannot drink potions in your current state!
Okay, then.
Casting: Airstrike (safe; 1% risk of failure)
Confirm with . or Enter, or press ? or * to list all spells.
You don't know that spell.
Unknown command.
Okay, then.
You cannot drink potions in your current state!
You cannot drink potions in your current state!
You cannot drink potions in your current state!
You cannot drink potions in your current state!
You cannot drink potions in your current state!
You cannot drink potions in your current state!
As you read the scroll labelled CEXUF DOUBI, it crumbles to dust.
It is a scroll of enchant weapon.
Your +0 dagger of freezing glows red for a moment.
You block the Executioner's attack. The Executioner hits you!
* * * LOW HITPOINT WARNING * * *
Your body deteriorates!
You feel weakened. The Executioner hits you.
* * * LOW HITPOINT WARNING * * *
The Executioner closely misses you. The Executioner hits you.
You die...

.... ## ....
#.# ... ..
..###.###
....... ....#
#...# #@#.#
#1..# ###
###..# ## .#.
..#D#..##.#.
#.#.#..#.#..#D
#.. .....# .#
#..#..#.###.#
#....
##...#..# . #
# ..#.#


You could see a pearl dragon (fleeing) and an Executioner (fast).

Vanquished Creatures
  A skeletal warrior (D:7)
  A worldbinder (Abyss:1)
  Joseph (D:7)
  An unseen horror (D:12)
  A tormentor (Abyss:1)
  A troll (D:10)
  Grinder (D:4)
  A slime creature (D:10)
  Sigmund (D:3)
  5 wraiths
  A wyvern (D:9)
  3 yaks (D:7)
  Menkaure (D:4)
  A steam dragon (D:8)
  Edmund (D:4)
  4 water moccasins
  Duvessa (D:6)
  4 orc warriors
  6 ice beasts
  5 black bears
  An ogre (D:6)
  2 centaurs
  2 phantoms
  A necrophage (D:6)
  2 scorpions
  2 bullfrogs
  A gnoll sergeant (D:8)
  3 wyvern zombies (D:7)
  7 wights
  Dowan (D:6)
  A small abomination (Abyss:1)
  5 howler monkeys
  3 electric eels (D:6)
  2 centaur zombies (D:7)
  2 bullfrog zombies (D:7)
  2 gnoll boudas
  3 hounds
  4 jellies
  An orc priest (D:7)
  Jessica (D:3)
  Natasha (thrice) (D:4)
  4 iguanas
  6 orc wizards
  A killer bee zombie (D:7)
  2 howler monkey zombies (D:7)
  Robin (D:4)
  16 gnolls
  6 adders
  4 shadow imps
  2 white imps
  2 ufetubi
  A worm (D:3)
  4 dart slugs
  30 orcs
  7 bats
  6 endoplasms
  4 giant cockroaches
  16 goblins
  9 hobgoblins
  17 kobolds
  4 quokkas
  6 ball pythons
  5 frilled lizards
  5 rats
248 creatures vanquished.

Vanquished Creatures (others)
  A plant (D:6)
  3 withered plants (D:7)
4 creatures vanquished.

Grand Total: 252 creatures vanquished

Notes
Turn   | Place    | Note
-------+----------+-------------------------------------------
     0 | D:1      | quinnr the Tengu Air Elementalist began the quest for the
                  | Orb.
     0 | D:1      | Reached XP level 1. HP: 10/10 MP: 4/4
     0 | D:1      | quinnr: !lg * won TeAE -log
     0 | D:1      | beem: 538. thrilhelm, XL27 TeAE, T:132237:
                  | http://crawl.akrasiac.org/rawdata/thrilhelm/morgue-thrilhel
                  | m-20220812-153344.txt
   216 | D:1      | Reached XP level 2. HP: 11/15 MP: 0/6
   532 | D:1      | Found a faded altar of an unknown god.
   609 | D:1      | Reached skill level 5 in Air Magic
  1085 | D:1      | Reached XP level 3. HP: 19/19 MP: 7/7
  1578 | D:2      | Noticed a black bear
  1709 | D:1      | Learned a level 2 spell: Static Discharge
  2149 | D:2      | Killed a black bear
  2150 | D:2      | Reached skill level 6 in Air Magic
  2150 | D:2      | Reached XP level 4. HP: 24/24 MP: 2/9
  2150 | D:2      | Gained mutation: Your magical nature lets you fly swiftly
                  | and evasively. [Tengu growth]
  2150 | D:2      | Reached XP level 5. HP: 28/28 MP: 2/10
  2490 | D:2      | Found Edaqid's Book Emporium.
  3067 | D:2      | Reached skill level 7 in Air Magic
  3318 | D:3      | Identified the +12 dagger "Xutad" {vorpal, MP+9 Str+4
                  | Dex+2}
  3403 | D:3      | Noticed Sigmund
  3691 | D:3      | Killed Sigmund
  3692 | D:3      | Reached XP level 6. HP: 15/32 MP: 11/11
  4073 | D:3      | Learned a level 4 spell: Airstrike
  4077 | D:3      | Reached skill level 8 in Air Magic
  4118 | D:3      | Noticed Jessica
  4121 | D:3      | Killed Jessica
  4122 | D:3      | Reached XP level 7. HP: 36/36 MP: 12/12
  4526 | D:4      | Found a glowing silver altar of Zin.
  4917 | D:4      | Noticed Natasha
  4924 | D:4      | Killed Natasha
  5189 | D:4      | Noticed Menkaure
  5191 | D:4      | Killed Menkaure
  5404 | D:4      | Reached skill level 9 in Air Magic
  5404 | D:4      | Reached XP level 8. HP: 41/41 MP: 13/13
  5547 | D:4      | Noticed Edmund
  5570 | D:4      | Killed Edmund
  5571 | D:4      | Reached skill level 5 in Stealth
  5731 | D:4      | Found a sparkling altar of Nemelex Xobeh.
  5732 | D:4      | Found a hide-covered altar of Uskayaw.
  5732 | D:4      | Found a basalt altar of Yredelemnul.
  5757 | D:4      | Identified the +1 robe of the Cricket {Harm Will+}
  5863 | D:4      | Noticed Grinder
  5873 | D:4      | Killed Grinder
  5874 | D:4      | Reached skill level 10 in Air Magic
  5874 | D:4      | Reached skill level 1 in Fighting
  6027 | D:4      | Noticed Robin
  6030 | D:4      | Killed Robin
  6110 | D:4      | Noticed Natasha
  6115 | D:4      | Killed Natasha
  6141 | D:4      | Noticed Natasha
  6146 | D:4      | Killed Natasha
  6378 | D:5      | Entered Level 5 of the Dungeon
  6839 | D:5      | Found a glowing golden altar of the Shining One.
  6989 | D:5      | Reached XP level 9. HP: 49/49 MP: 14/14
  7797 | D:5      | Found a staircase to the Ecumenical Temple.
  7828 | Temple   | Entered the Ecumenical Temple
  7837 | Temple   | Became a worshipper of Vehumet
  8037 | D:6      | Found a shadowy altar of Dithmenos.
  8118 | D:6      | Reached skill level 11 in Air Magic
  8712 | D:6      | Found a transporter.
  8777 | D:6      | Found a transporter.
  8809 | D:6      | Noticed Dowan
  8820 | D:6      | Killed Dowan
  8821 | D:6      | Reached skill level 5 in Dodging
  8823 | D:6      | Noticed Duvessa
  8827 | D:6      | Killed Duvessa
  9421 | D:7      | Reached * piety under Vehumet
  9421 | D:7      | Offered knowledge of Magic Dart by Vehumet.
  9540 | D:7      | Identified the +10 long sword of the Festooned God {vorpal,
                  | rPois}
  9782 | D:7      | Noticed Joseph
  9786 | D:7      | Killed Joseph
  9787 | D:7      | Reached skill level 5 in Fighting
  9787 | D:7      | Reached skill level 12 in Air Magic
  9787 | D:7      | Reached XP level 10. HP: 59/59 MP: 4/15
 10075 | D:7      | Found the +5 scythe "Finisher" {speed, eviscerate}
 10077 | D:7      | Noticed a skeletal warrior
 10444 | D:7      | Killed a skeletal warrior
 10445 | D:7      | Reached skill level 13 in Air Magic
 11403 | D:7      | Reached skill level 14 in Air Magic
 11547 | D:7      | Reached ** piety under Vehumet
 11547 | D:7      | Offered knowledge of Poisonous Vapours by Vehumet.
 11559 | D:7      | Learned a level 2 spell: Poisonous Vapours
 11859 | D:8      | Reached skill level 1 in Poison Magic
 13579 | D:8      | Found a broken altar of Ashenzari.
 13579 | D:8      | Found an opulent altar of Gozag.
 13750 | D:8      | Reached XP level 11. HP: 56/63 MP: 9/18
 13879 | D:8      | Identified the +7 flail of the Floral God {elec, Str+3}
 14033 | D:8      | Reached skill level 1 in Evocations
 14418 | D:9      | You are sucked into a shaft and drop 3 floors!
 14450 | D:12     | Found a staircase to the Orcish Mines.
 14674 | D:12     | Noticed a two-headed ogre
 14674 | D:12     | Noticed a cyclops
 14699 | D:10     | Entered Level 10 of the Dungeon
 14990 | D:10     | Identified the +1 leather armour of Dithmenos's Whim {Will-
                  | Str+4 Stlth+}
 14990 | D:10     | Noticed Harold
 15051 | D:10     | Offered knowledge of Scorch by Vehumet.
 15076 | D:9      | Reached skill level 1 in Armour
 15528 | D:9      | Reached skill level 15 in Air Magic
 15587 | D:9      | Noticed Erolcha
 15590 | Abyss:1  | Cast into level 1 of the Abyss (Erolcha)
 15676 | Abyss:1  | Noticed a bone dragon
 15729 | Abyss:1  | Found a sparkling altar of Nemelex Xobeh.
 15752 | Abyss:1  | Noticed a worldbinder
 15757 | Abyss:1  | Killed a worldbinder
 15795 | Abyss:1  | Reached *** piety under Vehumet
 15821 | Abyss:1  | Noticed a worldbinder
 15875 | Abyss:1  | Noticed a wretched star
 15910 | Abyss:1  | Noticed a pearl dragon
 15912 | Abyss:1  | Noticed an Executioner
 15922 | Abyss:1  | HP: 1/63 [Executioner (6)]
 15922 | Abyss:1  | Slain by an Executioner

Illustrated notes

Levels and vault maps discovered:
D:1:      dpeg_arrival_pond, layout_basic, serial_aquarium,
          aquarium_bridge_long_separate [aquarium_subvault_window,
          aquarium_subvault_balcony, aquarium_subvault_bridge,
          aquarium_subvault_bridge, aquarium_subvault_wall,
          aquarium_subvault_bridge], aquarium_bridge_square
          [aquarium_subvault_bridge, aquarium_subvault_bridge,
          aquarium_subvault_wall, aquarium_subvault_bridge], aquarium_window_1,
          aquarium_window_2, aquarium_window_2, aquarium_window_3,
          aquarium_view_4, aquarium_view_2c, dilly_ecumenical_altar_fadedgnrine
D:2:      layout_basic, serial_shops,
          nicolae_shop_temple_entry_statues_fountains, kennysheep_nub,
          minmay_distorted
D:3:      kennysheep_six_static_rooms, layout_loops_cross,
          hangedman_decor_riveting, minmay_surrounded, uniq_sigmund,
          uniq_jessica
D:4:      layout_basic, nicolae_overflow_hidden_temple,
          chequers_temple_overflow_statue_of_worship, st_stairs_12,
          uniq_menkaure, uniq_edmund, uniq_natasha, uniq_grinder, uniq_robin
D:5:      layout_basic, mainiacjoe_overflow_concentric_impassable, temple_hall,
          st_stairs_6, hex_tiny, grunt_ministairs_11
D:6:      gammafunk_steamed_eel, layout_loops_ring,
          nicolae_dithmenos_through_a_glass_darkly, uniq_duvessa
D:7:      layout_cave_pools, serial_undead, serial_undead_b, serial_undead_d,
          serial_undead_e, serial_undead_a, serial_undead_c,
          minmay_guarded_unrand_finisher, uniq_joseph
D:8:      layout_rooms, mainiacjoe_overflow_catwalk_spiral
D:9:      layout_stronghold, kennysheep_mini, trog_butcher_becter,
          lair_entry_dummy, minmay_hedge_maze, grunt_decor_one_mirror,
          minmay_misc_feat_diagonals, kennysheep_opposing_triangles,
          uniq_erolcha, uniq_erica
D:10:     layout_basic, uniq_harold
D:11:     layout_rooms
D:12:     hangedman_cross_cluster, layout_rooms, yredelemnul_altar_generic
D:13:     layout_basic, skrybe_vaults_entry_preservation
Temple:   nicolae_temple_ecumenical_triangle
Abyss:1:  base: D:3, gammafunk_corrupted_shrine

Skill      XL: |  1  2  3  4  5  6  7  8  9 10 11 |
---------------+----------------------------------+-----
Conjurations   | 2 |  2.0
Air Magic      | 5 6 7 8 9 10 12 14 15 | 15.0
Spellcasting   | 3 4 |  4.0
Short Blades   | 2 4 |  4.0
Stealth        | 3 4 5 7 9 |  9.0
Fighting       | 2 5 |  5.0
Dodging        | 3 5 |  5.0
Poison Magic   | 2 4 |  4.3
Evocations     | 3 |  3.3
Armour         | 2 |  2.3

Action                   |  1- 3 |  4- 6 |  7- 9 | 10-12 || total
-------------------------+-------+-------+-------+-------++-------
Melee: Unarmed           |    10 |       |       |       ||    10
       Kick              |     2 |       |       |     2 ||     4
       Dagger            |     3 |     2 |     4 |    13 ||    22
       Peck              |     1 |       |       |     4 ||     5
       Staff             |       |       |       |     1 ||     1
 Cast: Shock             |    63 |    73 |   169 |    62 ||   367
       Static Discharge  |     2 |     6 |    22 |    54 ||    84
       Airstrike         |       |     1 |    47 |    76 ||   124
       Poisonous Vapours |       |       |       |    38 ||    38
Evoke: Wand              |       |       |       |     4 ||     4
  Use: Potion            |     1 |       |       |       ||     1
       Scroll            |       |       |    10 |    12 ||    22
 Stab: Sleeping          |     1 |       |     3 |       ||     4
Armor: Robe              |     5 |     2 |     3 |     2 ||    12
       Troll leather arm |       |       |       |     6 ||     6
Dodge: Dodged            |    23 |    15 |    20 |    55 ||   113
Block: Other             |       |     2 |     5 |    19 ||    26
       Reflection        |       |     2 |     2 |     2 ||     6

Table legend: (Time is in decaauts)
 A = Elapsed time spent in this place.
 B = Non-inter-level travel time spent in this place.
 C = Inter-level travel time spent in this place.
 D = Time resting spent in this place.
 E = Time spent auto-exploring this place.
 F = Levels seen in this place.
 G = Mean time per level.
                   A        B        C        D        E       F      G
               +--------+--------+--------+--------+--------+-----+--------+
         Total |  15318 |  14698 |    620 |   2940 |   9932 |  15 | 1021.2 |
       Dungeon |  14978 |  14360 |    618 |   2880 |   9863 |  13 | 1152.2 |
        Temple |     29 |     27 |      2 |      0 |     17 |   1 |   29.0 |
         Abyss |    310 |    310 |      0 |     60 |     51 |   1 |  310.0 |
               +--------+--------+--------+--------+--------+-----+--------+

Top non-repeatable levels by time:
     D:7: 3296 daAuts
     D:6: 2197 daAuts
     D:4: 2002 daAuts
     D:1: 1719 daAuts
     D:2: 1385 daAuts
     D:3: 1299 daAuts
     D:5: 1276 daAuts
     D:8: 839 daAuts
     D:9: 368 daAuts
    D:10: 322 daAuts
 Abyss:1: 310 daAuts
    D:11: 167 daAuts
    D:12: 94 daAuts
  Temple: 29 daAuts
    D:13: 10 daAuts
